AoeStats
← CHLORIAN

Golden Pit

510138194Analyzed
1v1 RM · 2d ago on Sep 29, 2026· 31m 37s· 2 players
Game mode
Random Map
Map size
Tiny (2 player)
Population
200
Speed
Normal
Resources
Standard
Victory
Conquest
Starting age
Dark Age
Ending age
Imperial Age
RankedLock teamsTeams togetherTeam positionsShared explorationLock speedFull tech treeHidden civsTurbo modeCheats
Victory
Defeat
🇺🇸 Japanese · United States
850
+17
🇹🇷 Persians · Türkiye
866
-46
boobers420
9:43 Loom
12:09 Feudal Age
13:18 Double-Bit Axe
14:26 Horse Collar
18:19 Castle Age
16:47 Man-at-Arms
18:24 Fletching
23:06 Padded Archer Armor
25:08 Ballistics
25:04 Bodkin Arrow
26:48 Thumb Ring
30:56 Scale Mail Armor
31:13 Leather Archer Armor
31:08 Forging
CHLORIAN
12:32 Feudal Age
12:40 Man-at-Arms
14:51 Double-Bit Axe
20:33 Castle Age
21:52 Wheelbarrow
23:12 Bow Saw
24:36 Elite Skirmisher
Connection lost

Rejoining the realm…

Still unreachable

The connection could not be restored.

Session expired

The server has moved on; the page needs a fresh start.